AA
SIOUX FALLS CANARIES @ GARY SOUTHSHORE RAILCATS
08/22/2039
 
TOP OF THE 1ST
Sioux Falls Canaries batting - Pitching for Gary SouthShore RailCats : LHP Mike Moore
Pitching: LHP Mike Moore
Batting: LHB Jonathan Jackson 0-0: Ball
1-0: Ball
2-0: Called Strike
2-1: Called Strike
2-2: Fly out, F8 (Flyball, 89M, EV 88.1 MPH)
Batting: LHB Jose Terrero 0-0: Ball
1-0: Ball
2-0: DOUBLE (Line Drive, 3D, EV 93.8 MPH)
Batting: LHB Luis Sibrian 0-0: Ball
1-0: Ball
2-0: Foul Ball, location: 25FF
2-1: Ball
3-1: Base on Balls
Batting: SHB Dan Fraire 0-0: Grounds into double play, 6-4-3 (Groundball, 6, EV 86.3 MPH)
Top of the 1st over - 0 runs, 1 hit, 0 errors, 1 left on base; Sioux Falls 0 - Gary SouthShore 0
BOTTOM OF THE 1ST
Gary SouthShore RailCats batting - Pitching for Sioux Falls Canaries : RHP Juan Dominguez
Pitching: RHP Juan Dominguez
Batting: SHB Josh Reckinger 0-0: Ball
1-0: Ball
2-0: Foul Ball, location: 9LMF
2-1: DOUBLE (Groundball, 3L, EV 101.3 MPH)
Batting: LHB Juan Ruiz 0-0: Called Strike
0-1: Ball
1-1: Ball
2-1: Foul Ball, location: 5F
2-2: Ball
3-2: 2-RUN HOME RUN (Flyball, 78XD, EV 108.8 MPH), Distance : 408 ft
Batting: RHB Javier Rivas 0-0: Ball
1-0: Ball
2-0: Foul Ball, location: 2F
2-1: Ball
3-1: Foul Ball, location: 2F
3-2: Ground out 6-3 (Groundball, 6MS, EV 91.3 MPH)
Batting: LHB Mike Delgado 0-0: Fly out, F7 (Flyball, 78M, EV 98.8 MPH)
Batting: LHB Elias Carbajal 0-0: Called Strike
0-1: Ball
1-1: Ball
2-1: Swinging Strike
2-2: Foul Ball, location: 25F
2-2: Ball
3-2: Base on Balls
Batting: SHB Yordys Valdes 0-0: Ball
1-0: Foul Ball, location: 25F
1-1: Ball
2-1: SINGLE (Line Drive, 7LS, EV 101.3 MPH)
Elias Carbajal to second
Batting: RHB Jonathan Staten 0-0: Ball
1-0: 3-RUN HOME RUN (Flyball, 7D, EV 96.3 MPH), Distance : 384 ft
Batting: LHB Eric bin Hud 0-0: Called Strike
0-1: Swinging Strike
0-2: Ground out 4-3 (Groundball, 34, EV 64.4 MPH)
Bottom of the 1st over - 5 runs, 4 hits, 0 errors, 0 left on base; Sioux Falls 0 - Gary SouthShore 5
TOP OF THE 2ND
Sioux Falls Canaries batting - Pitching for Gary SouthShore RailCats : LHP Mike Moore
Batting: RHB Jonathan Carter 0-0: Ball
1-0: Foul Ball, location: 9LMF
1-1: Foul Ball, location: 9LSF
1-2: Foul Ball, location: 3F
1-2: Fly out, F9 (Flyball, 9, EV 99.4 MPH)
Batting: RHB Jose Tobar 0-0: Ball
1-0: Fly out, F7 (Flyball, 7D, EV 105.0 MPH)
Batting: RHB Dave Trotta 0-0: Called Strike
0-1: Fly out, F7 (Flyball, 7LM, EV 85.0 MPH)
Top of the 2nd over - 0 runs, 0 hits, 0 errors, 0 left on base; Sioux Falls 0 - Gary SouthShore 5
BOTTOM OF THE 2ND
Gary SouthShore RailCats batting - Pitching for Sioux Falls Canaries : RHP Juan Dominguez
Batting: LHB Mike Moore 0-0: Ball
1-0: Foul Ball, location: 7LDF
1-1: Called Strike
1-2: Foul Ball, location: 7LMF
1-2: Strikes out swinging
Batting: SHB Josh Reckinger 0-0: Ball
1-0: Swinging Strike
1-1: Ball
2-1: Ball
3-1: Ground out 3-1 (Groundball, 34S, EV 81.3 MPH)
Batting: LHB Juan Ruiz 0-0: Fly out, F5 (Popup, 5F, EV 85.0 MPH)
Bottom of the 2nd over - 0 runs, 0 hits, 0 errors, 0 left on base; Sioux Falls 0 - Gary SouthShore 5
TOP OF THE 3RD
Sioux Falls Canaries batting - Pitching for Gary SouthShore RailCats : LHP Mike Moore
Batting: RHB Bob Taylor 0-0: Fly out, F8 (Flyball, 8RM, EV 96.9 MPH)
Batting: RHB Juan Dominguez 0-0: Called Strike
0-1: Swinging Strike
0-2: Strikes out looking
Batting: LHB Jonathan Jackson 0-0: Called Strike
0-1: Swinging Strike
0-2: Hit by Pitch
Batting: LHB Jose Terrero 0-0: Ball
1-0: SINGLE (Flyball, 8RS, EV 98.1 MPH)
Jonathan Jackson to second
Runner from 2nd tries for 3rd, SAFE, throw by CF made to third
Batting: LHB Luis Sibrian 0-0: Ball
1-0: Foul Ball, location: 9LMF
1-1: Swinging Strike
1-2: Strikes out looking
Top of the 3rd over - 0 runs, 1 hit, 0 errors, 2 left on base; Sioux Falls 0 - Gary SouthShore 5
BOTTOM OF THE 3RD
Gary SouthShore RailCats batting - Pitching for Sioux Falls Canaries : RHP Juan Dominguez
Batting: RHB Javier Rivas 0-0: Fly out, F9 (Flyball, 89M, EV 92.5 MPH)
Batting: LHB Mike Delgado 0-0: Swinging Strike
0-1: Called Strike
0-2: Fly out, F8 (Flyball, 8LD, EV 100.6 MPH)
Batting: LHB Elias Carbajal 0-0: Ball
1-0: Ball
2-0: Ball
3-0: Base on Balls
Batting: SHB Yordys Valdes 0-0: Ball
1-0: Called Strike
1-1: Foul Ball, location: 2F
1-2: Strikes out swinging
Bottom of the 3rd over - 0 runs, 0 hits, 0 errors, 1 left on base; Sioux Falls 0 - Gary SouthShore 5
TOP OF THE 4TH
Sioux Falls Canaries batting - Pitching for Gary SouthShore RailCats : LHP Mike Moore
Batting: SHB Dan Fraire 0-0: Foul Ball, location: 25FF
0-1: Ball
1-1: Swinging Strike
1-2: Foul Ball, location: 9LSF
1-2: Ball
2-2: Foul Ball, location: 25F
2-2: Ball
3-2: Base on Balls
Batting: RHB Jonathan Carter 0-0: Swinging Strike
0-1: Ball
1-1: Ball
Dan Fraire is caught stealing 2nd base 2-4
2-1: Foul Ball, location: 5F
2-2: Fly out, F7 (Flyball, 7S, EV 83.8 MPH)
Batting: RHB Jose Tobar 0-0: Foul Ball, location: 2F
0-1: Foul Ball, location: 9LDF
0-2: Ground out 5-3 (Groundball, 15, EV 90.0 MPH)
Top of the 4th over - 0 runs, 0 hits, 0 errors, 0 left on base; Sioux Falls 0 - Gary SouthShore 5
BOTTOM OF THE 4TH
Gary SouthShore RailCats batting - Pitching for Sioux Falls Canaries : RHP Juan Dominguez
Batting: RHB Jonathan Staten 0-0: Ball
1-0: Foul Ball, location: 2F
1-1: Foul Ball, location: 2F
1-2: SINGLE (Groundball, 56D, EV 100.0 MPH) (infield hit)
Batting: LHB Eric bin Hud 0-0: Called Strike
0-1: Ball
Jonathan Staten steals 2nd base
1-1: Ball
2-1: 2-RUN HOME RUN (Flyball, 7D, EV 95.0 MPH), Distance : 365 ft
Batting: LHB Mike Moore 0-0: Called Strike
0-1: Ball
1-1: Foul Ball, location: 3FF
1-2: Ground out 4-3 (Groundball, 4, EV 83.8 MPH)
Pitching: RHP Mel Morales
Batting: SHB Josh Reckinger 0-0: Fly out, F5 (Popup, 5, EV 64.4 MPH)
Batting: LHB Juan Ruiz 0-0: Ball
1-0: Foul Ball, location: 25FF
1-1: Single, Error in OF, E7, batter to second base (Line Drive, 6D, EV 97.5 MPH)
Batting: RHB Javier Rivas 0-0: Called Strike
0-1: Ball
1-1: Ball
2-1: Ball
3-1: Base on Balls
Batting: LHB Mike Delgado 0-0: Ball
1-0: Called Strike
1-1: Ball
2-1: Ground out U3 (Groundball, 34, EV 85.6 MPH)
Bottom of the 4th over - 2 runs, 3 hits, 1 error, 2 left on base; Sioux Falls 0 - Gary SouthShore 7
TOP OF THE 5TH
Sioux Falls Canaries batting - Pitching for Gary SouthShore RailCats : LHP Mike Moore
Batting: RHB Dave Trotta 0-0: Called Strike
0-1: Ball
1-1: Foul Ball, location: 5F
1-2: Fly out, F8 (Flyball, 89D, EV 100.6 MPH)
Batting: RHB Bob Taylor 0-0: Ground out 6-3 (Groundball, 6, EV 83.1 MPH)
Batting: RHB Mel Morales 0-0: Ball
1-0: Foul Ball, location: 5FF
1-1: Ball
2-1: Swinging Strike
2-2: Ball
3-2: Strikes out swinging
Top of the 5th over - 0 runs, 0 hits, 0 errors, 0 left on base; Sioux Falls 0 - Gary SouthShore 7
BOTTOM OF THE 5TH
Gary SouthShore RailCats batting - Pitching for Sioux Falls Canaries : RHP Mel Morales
Batting: LHB Elias Carbajal 0-0: Ball
1-0: TRIPLE (Line Drive, 89XD, EV 110.6 MPH)
Batting: SHB Yordys Valdes 0-0: Ball
1-0: Fly out, F9 (Line Drive, 89M, EV 83.8 MPH)
Runner from 3rd tags up, SCORES, throw by RF
Batting: RHB Jonathan Staten 0-0: Ball
1-0: Fly out, F8 (Flyball, 8RD, EV 82.5 MPH)
Batting: LHB Eric bin Hud 0-0: Swinging Strike
0-1: Swinging Strike
0-2: Foul Ball, location: 7LSF
0-2: Strikes out swinging
Bottom of the 5th over - 1 run, 1 hit, 0 errors, 0 left on base; Sioux Falls 0 - Gary SouthShore 8
TOP OF THE 6TH
Sioux Falls Canaries batting - Pitching for Gary SouthShore RailCats : LHP Mike Moore
Batting: LHB Jonathan Jackson 0-0: Ball
1-0: Foul Ball, location: 2F
1-1: Ball
2-1: Ground out 4-3 (Groundball, 4, EV 82.5 MPH)
Batting: LHB Jose Terrero 0-0: Ball
1-0: Ball
2-0: Foul Ball, location: 2F
2-1: Ball
3-1: Called Strike
3-2: Foul Ball, location: 7LSF
3-2: Strikes out swinging, 2-3 out at first.
Batting: LHB Luis Sibrian 0-0: Ball
1-0: Called Strike
1-1: Ball
2-1: Ball
3-1: Base on Balls
Batting: SHB Dan Fraire 0-0: Ball
1-0: Ball
2-0: Foul Ball, location: 3SF
2-1: Foul Ball, location: 9LSF
2-2: Ball
3-2: Fly out, F8 (Flyball, 89M, EV 83.8 MPH)
Top of the 6th over - 0 runs, 0 hits, 0 errors, 1 left on base; Sioux Falls 0 - Gary SouthShore 8
BOTTOM OF THE 6TH
Gary SouthShore RailCats batting - Pitching for Sioux Falls Canaries : RHP Mel Morales
Batting: LHB Mike Moore 0-0: Ball
1-0: Called Strike
1-1: Foul Ball, location: 2F
1-2: Strikes out swinging
Batting: SHB Josh Reckinger 0-0: Swinging Strike
0-1: Ball
1-1: Ball
2-1: Called Strike
2-2: Fly out, F9 (Flyball, 89D, EV 83.1 MPH)
Batting: LHB Juan Ruiz 0-0: Foul Ball, location: 3DF
0-1: Called Strike
0-2: Ball
1-2: Fly out, F8 (Flyball, 8RM, EV 86.3 MPH)
Bottom of the 6th over - 0 runs, 0 hits, 0 errors, 0 left on base; Sioux Falls 0 - Gary SouthShore 8
TOP OF THE 7TH
Sioux Falls Canaries batting - Pitching for Gary SouthShore RailCats : LHP Mike Moore
Batting: RHB Jonathan Carter 0-0: Ball
1-0: Fly out, F8 (Flyball, 8LS, EV 95.6 MPH)
Batting: RHB Jose Tobar 0-0: Called Strike
0-1: Ball
1-1: Foul Ball, location: 25FF
1-2: Ball
2-2: Ball
3-2: Fly out, F4 (Popup, 34S, EV 79.4 MPH)
Batting: RHB Dave Trotta 0-0: Called Strike
0-1: Foul Ball, location: 9LDF
0-2: Foul Ball, location: 5F
0-2: Foul Ball, location: 9LMF
0-2: Ball
1-2: Ball
2-2: Strikes out looking
Top of the 7th over - 0 runs, 0 hits, 0 errors, 0 left on base; Sioux Falls 0 - Gary SouthShore 8
BOTTOM OF THE 7TH
Gary SouthShore RailCats batting - Pitching for Sioux Falls Canaries : RHP Mel Morales
Pinch Hitting: SHB Kevin Banegas 0-0: Called Strike
0-1: Ball
1-1: Ground out 4-3 (Groundball, 4, EV 105.6 MPH)
Batting: LHB Mike Delgado 0-0: Called Strike
0-1: Ball
1-1: Ball
2-1: Foul Ball, location: 3DF
2-2: Foul Ball, location: 5DF
2-2: Ball
3-2: Base on Balls
Pitching: LHP Jose Becerra
Batting: LHB Elias Carbajal 0-0: Called Strike
0-1: Ball
1-1: Foul Ball, location: 2F
1-2: Ball
2-2: Fly out, F6 (Popup, 6, EV 60.0 MPH)
Batting: SHB Yordys Valdes 0-0: Ball
1-0: Swinging Strike
1-1: Called Strike
1-2: Ball
2-2: Foul Ball, location: 2F
2-2: Ball
3-2: SINGLE (Line Drive, 56, EV 105.6 MPH)
Mike Delgado to second
Mike Delgado to third
Batting: RHB Jonathan Staten 0-0: Foul Ball, location: 5FF
0-1: Ball
1-1: Ground out 2-3 (Groundball, 2L, EV 69.4 MPH)
Bottom of the 7th over - 0 runs, 1 hit, 0 errors, 2 left on base; Sioux Falls 0 - Gary SouthShore 8
TOP OF THE 8TH
Sioux Falls Canaries batting - Pitching for Gary SouthShore RailCats : LHP Mike Moore
Pitching: RHP Willie Diaz
Now at 2B: Kevin Banegas
Batting: RHB Bob Taylor 0-0: Called Strike
0-1: Ground out 6-3 (Groundball, 6, EV 89.4 MPH)
Batting: LHB Jose Becerra 0-0: Called Strike
0-1: Foul Ball, location: 2F
0-2: Ball
1-2: Foul Ball, location: 2F
1-2: Ball
2-2: Strikes out swinging
Batting: LHB Jonathan Jackson 0-0: Called Strike
0-1: Swinging Strike
0-2: Ball
1-2: Ball
2-2: Strikes out swinging
Top of the 8th over - 0 runs, 0 hits, 0 errors, 0 left on base; Sioux Falls 0 - Gary SouthShore 8
BOTTOM OF THE 8TH
Gary SouthShore RailCats batting - Pitching for Sioux Falls Canaries : LHP Jose Becerra
Batting: LHB Eric bin Hud 0-0: Ball
1-0: Foul Ball, location: 7LMF
1-1: Ball
2-1: Swinging Strike
2-2: Ground out 5-3 (Groundball, 56, EV 106.3 MPH)
Batting: RHB Willie Diaz 0-0: Ball
1-0: Called Strike
1-1: Ball
2-1: DOUBLE (Line Drive, 9LM, EV 98.1 MPH)
Pitching: LHP Wrayan Diaz
Batting: SHB Josh Reckinger 0-0: Fly out, F8 (Flyball, 8LM, EV 82.5 MPH)
Batting: LHB Juan Ruiz 0-0: Foul Ball, location: 2F
0-1: Ball
1-1: Ball
2-1: Called Strike
2-2: Foul Ball, location: 3DF
2-2: Ball
3-2: Strikes out swinging
Bottom of the 8th over - 0 runs, 1 hit, 0 errors, 1 left on base; Sioux Falls 0 - Gary SouthShore 8
TOP OF THE 9TH
Sioux Falls Canaries batting - Pitching for Gary SouthShore RailCats : RHP Willie Diaz
Batting: LHB Jose Terrero 0-0: Called Strike
0-1: Ball
1-1: Ball
2-1: Fly out, F7 (Line Drive, 7, EV 95.0 MPH)
Batting: LHB Luis Sibrian 0-0: Called Strike
0-1: Swinging Strike
0-2: Foul Ball, location: 2F
0-2: Foul Ball, location: 2F
0-2: Strikes out swinging
Batting: SHB Dan Fraire 0-0: Foul Ball, location: 2F
0-1: Called Strike
0-2: Ball
1-2: Ball
2-2: Strikes out swinging
Top of the 9th over - 0 runs, 0 hits, 0 errors, 0 left on base; Sioux Falls 0 - Gary SouthShore 8
Tuesday, April 16th , 2024 - OOTP Baseball 24.10 Build 82